 Dungeon Crawl Stone Soup version 0.31.0-1-g2c135a008e (webtiles) character file.

Game seed: 3211023102848733218

303 qw the Shooter (level 6, -1/47 HPs)
             Began as a Djinni Hunter on Jan 23, 2024.
             Slain by an orc
             ... wielding a +0 hand axe
              (4 damage)
             ... on level 4 of the Dungeon.
             The game lasted 00:00:10 (2403 turns).

qw the Shooter (Djinni Hunter)                      Turns: 2403, Time: 00:00:11

Health: -1/47      AC:  6    Str:  5    XL:     6   Next: 65%
Gold:   183        EV:  9    Int: 14    God:
                   SH:  0    Dex: 18

rFire   + + .        a - +0 shortbow
rCold   x . .        (shield currently unavailable)
rNeg    . . .        c - +1 ring mail of Elyvilon's Displeasure {Rampage rElec Str-4 Slay+2}
rPois   inf          (no helmet)
rElec   +            (no cloak)
rCorr   +            (no gloves)
SInv    .            (boots unavailable)
Will    .....        (no amulet)
Stlth   +            e - ring of resist corrosion
HPRegen 0.27/turn    (no ring)
MPRegen 0.00/turn

%: rampage, infuse magic (-2 HP)
@: flying
A: sickness immunity, fire resistance 2, cold vulnerability 1, float, innate
caster, HP casting, extra vitality 1, clever 1
a: no special abilities


You were on level 4 of the Dungeon.
You visited 1 branch of the dungeon, and saw 4 of its levels.

You collected 183 gold pieces.


Innate Abilities, Weirdness & Mutations

You are immune to sickness and miasma.
You are immune to poison.
Your flesh is very heat resistant. (rF++)
You are vulnerable to cold. (rC-)
You float through the air rather than walking.
You learn spells naturally, not from books.
Your magical power is your life essence.
You have superior vitality. (+4 MHP)
Your mind is acute. (Int +4, Str/Dex -1)


   Skills:
 - Level 4.1 Fighting
 + Level 5.2 Ranged Weapons
 - Level 1.0 Armour
 - Level 2.2 Dodging
 - Level 0.7 Stealth


You knew the following spells:

 Your Spells              Type           Power      Damage    Failure   Level
a - Foxfire               Conj/Fire      0%         2x1d4     80%         1
b - Jinxbite              Hex            0%         N/A       90%         2
Your spell library was empty.

Inventory:

Hand Weapons
 a - a +0 shortbow (weapon)
Armour
 c - the +1 ring mail of Elyvilon's Displeasure (worn) {Rampage rElec Str-4 Slay+2}
   (You found it on level 3 of the Dungeon)

   Str-4:     It affects your strength (-4).
   Slay+2:    It affects your accuracy & damage with ranged weapons and melee
   (+2).
   rElec:     It insulates you from electricity.
   Rampage:   It bestows one free step when moving towards enemies.
Jewellery
 e - a ring of resist corrosion (left hand)
Potions
 b - a potion of resistance {unknown}
 f - a potion of heal wounds {unknown}
 j - a potion of curing {unknown}

Dungeon Overview and Level Annotations

Branches:
Dungeon (4/15)
 Temple: D:4-7

Altars:
Zin

Annotations:
D:4 qw's ghost, novice GrHu


Message History

You shoot an arrow. The arrow hits the orc priest.
The orc priest is lightly wounded.
The orc closely misses you.
The orc priest hits you with a +0 short sword.
The orc barely misses you.
The orc priest hits you but does no damage.
You shoot an arrow. The arrow hits the orc priest.
The orc priest is heavily wounded.
The orc priest begins to cast a cantrip, but forgets the words!
The orc hits you but does no damage.
You shoot an arrow.
The arrow closely misses the orc priest.
The orc priest hits you but does no damage.
The orc hits you but does no damage.
You shoot an arrow. The arrow hits the orc priest.
The orc priest is severely wounded.
The orc closely misses you.
The orc priest hits you but does no damage.
The orc hits you but does no damage.
The orc priest hits you but does no damage.
You shoot an arrow. The arrow hits the orc priest.
The orc priest is almost dead.
The orc barely misses you.
The orc priest mumbles some strange prayers to Beogh against you.
Pain shoots through your body!
You shoot an arrow.
The arrow hits the orc priest but does no damage.
The orc priest is almost dead.
The orc barely misses you. The orc priest misses you.
The orc priest closely misses you. The orc hits you with a +0 hand axe.
You shoot an arrow. The arrow barely misses the orc priest.
The orc priest barely misses you. The orc hits you with a +0 hand axe.
You shoot an arrow.
The arrow closely misses the orc priest.
The orc hits you but does no damage.
The orc priest hits you with a +0 short sword.
You shoot an arrow. The arrow hits the orc priest.
You kill the orc priest!
The orc hits you with a +0 hand axe.
You die...

...........
.......... .:........
......... .....>...
#### ........# ###..#
.......%## ###....#
......:)@##
###...####
.#....%o..#####..####
##........#<..###
##........))##
..)).......).#
.............#
###########...# #...#
#...#


You could see an orc.

Vanquished Creatures
  A howler monkey (D:4)
  3 hounds
  3 orc priests
  Jessica (D:3)
  An adder (D:3)
  2 dart slugs
  8 orcs
  6 ball pythons
  8 endoplasms
  A giant cockroach (D:1)
  6 goblins
  6 hobgoblins
  5 jackals
  6 quokkas
  4 bats
  2 frilled lizards
  2 kobolds
  6 rats
71 creatures vanquished.

Notes
Turn   | Place    | Note
-------+----------+-------------------------------------------
     0 | D:1      | qw the Djinni Hunter began the quest for the Orb.
     0 | D:1      | Reached XP level 1. HP: 18/18 MP: 0/0
     0 | D:1      | 0 ||| qw: Version: 0.3-a-135-gb77e89d
     0 | D:1      | 0 ||| qw: Game counter: 797
     0 | D:1      | 0 ||| qw: Melee chars always use a shield: true
     0 | D:1      | 0 ||| qw: God list: Okawaru
     0 | D:1      | 0 ||| qw: Allow faded altars: false
     0 | D:1      | 0 ||| qw: Do Orc after clearing Dungeon:15 true
     0 | D:1      | 0 ||| qw: Do second Lair branch before Depths: true
     0 | D:1      | 0 ||| qw: Lair rune preference: random
     0 | D:1      | 0 ||| qw: Goals: Normal
     0 | D:1      | 0 ||| PLANNING D:1-11
   143 | D:1      | Reached XP level 2. HP: 23/23 MP: 0/0
   210 | D:1      | Found a faded altar of an unknown god.
   460 | D:1      | Reached XP level 3. HP: 28/28 MP: 0/0
   460 | D:1      | Learned a level 1 spell: Foxfire
   462 | D:1      | Reached skill level 4 in Ranged Weapons
   740 | D:1      | 740 ||| UPGRADING to +0 ring mail.
   750 | D:1      | 750 ||| DROPPING +0 leather armour.
   751 | D:1      | 751 ||| READING scroll labelled DULEIS IMUDEX.
   751 | D:1      | 751 ||| IDENTIFYING inky potion
   752 | D:1      | 752 ||| READING scroll labelled BOVEMEMUIWK.
   807 | D:1      | 807 ||| READING scroll labelled JIARGH FEOVUPOE.
   811 | D:1      | 811 ||| READING 3 scrolls labelled ASHAIR PATWOAK.
   812 | D:1      | 812 ||| DROPPING scroll of butterflies.
   813 | D:1      | 813 ||| DROPPING potion of degeneration.
   814 | D:1      | 814 ||| DROPPING 2 scrolls of poison.
   870 | D:2      | Found a glowing silver altar of Zin.
  1026 | D:2      | Reached skill level 1 in Armour
  1353 | D:2      | 1353 ||| DROPPING ring of wizardry.
  1354 | D:2      | 1354 ||| DRINKING 2 fizzy blue potions.
  1354 | D:2      | Gained mutation: Your spells are a little harder to cast,
                  | but a little more powerful. [potion of mutation]
  1354 | D:2      | Gained mutation: You are clumsy. (Dex -2) [potion of
                  | mutation]
  1355 | D:2      | 1355 ||| DRINKING potion of mutation.
  1355 | D:2      | Lost mutation: You are clumsy. (Dex -2) [potion of
                  | mutation]
  1355 | D:2      | Lost mutation: Your spells are a little harder to cast, but
                  | a little more powerful. [potion of mutation]
  1355 | D:2      | Gained mutation: Your mind is acute. (Int +4, Str/Dex -1)
                  | [potion of mutation]
  1355 | D:2      | Lost mutation: Your mind is acute. (Int +4, Str/Dex -1)
                  | [potion of mutation]
  1355 | D:2      | Gained mutation: Your mind is acute. (Int +4, Str/Dex -1)
                  | [potion of mutation]
  1365 | D:3      | 1365 ||| STAIRDANCE
  1376 | D:2      | Reached skill level 3 in Fighting
  1376 | D:2      | Reached XP level 4. HP: 28/35 MP: 0/0
  1594 | D:3      | Identified the +1 ring mail of Elyvilon's Displeasure
                  | {Rampage rElec Str-4 Slay+2}
  1755 | D:3      | Noticed Jessica
  1764 | D:3      | Reached XP level 5. HP: 34/40 MP: 0/0
  1764 | D:3      | Learned a level 2 spell: Jinxbite
  1767 | D:3      | Killed Jessica
  1940 | D:3      | Reached skill level 5 in Ranged Weapons
  1941 | D:3      | Reached XP level 6. HP: 15/46 MP: 0/0
  2111 | D:3      | 2111 ||| UPGRADING to +1 ring mail of Elyvilon's
                  | Displeasure {Rampage rElec Str-4 Slay+2}.
  2121 | D:3      | 2121 ||| DROPPING +0 ring mail.
  2122 | D:3      | 2122 ||| UPGRADING to ring of resist corrosion.
  2123 | D:3      | 2123 ||| READING scroll labelled NUACIN YCVAHAI.
  2163 | D:4      | HP: 10/47 [goblin/+0 club (3)]
  2186 | D:4      | 2186 ||| FLEEEEING.
  2187 | D:4      | 2187 ||| FLEEEEING.
  2196 | D:4      | 2196 ||| FLEEEEING.
  2197 | D:4      | 2197 ||| FLEEEEING.
  2198 | D:4      | 2198 ||| FLEEEEING.
  2203 | D:4      | 2203 ||| STAIRDANCE
  2322 | D:4      | Noticed qw's ghost (novice GrHu)
  2399 | D:4      | HP: 10/47 [orc priest/nerve-wracking pain (8)]
  2401 | D:4      | HP: 4/47 [orc/+0 hand axe (1)]
  2403 | D:4      | Slain by an orc

Levels and vault maps discovered:
D:1:      dpeg_arrival_leaves_temple_mockup, layout_basic,
          chequers_ecumenical_altar_simple
D:2:      layout_basic, basic_altar
D:3:      layout_rooms, kennysheep_minor_cross, minmay_misc_feat_five,
          minivault_25, minmay_misc_feat_nine_boxes, serial_bayou_pond_c,
          dreamdust_wishing_well, uniq_jessica
D:4:      layout_cave_pods, gammafunk_ghost_mausoleum

Skill      XL: |  1  2  3  4  5  6 |
---------------+-------------------+-----
Ranged Weapons | 4 5 |  5.2
Armour         | 1 |  1.0
Fighting       | 3 4 |  4.1
Dodging        | |  2.2
Stealth        | |  0.7

Action                     |  1- 3 |  4- 6 || total
---------------------------+-------+-------++-------
   Fire: Shortbow          |    87 |   128 ||   215
    Use: Scroll            |     4 |     1 ||     5
         Potion            |     2 |       ||     2
 Armour: Leather armour    |     7 |       ||     7
         Ring mail         |    20 |    92 ||   112
  Dodge: Dodged            |    23 |    64 ||    87

Table legend:
 A = Non-vault XP
 B = Vault XP
 C = Vault XP percentage of total XP
 D = Non-vault monster count
 E = Vault monster count
 F = Vault count percentage of total count
                 A         B        C        D         E       F
            +---------+---------+-------+---------+---------+-------
      Total |     436 |      37 |   7.8 |      70 |       1 |   1.4
            +---------+---------+-------+---------+---------+-------
        D:1 |      40 |       0 |   0.0 |      22 |       0 |   0.0
        D:2 |      65 |       0 |   0.0 |      14 |       0 |   0.0
        D:3 |     127 |      37 |  22.6 |      21 |       1 |   4.5
        D:4 |     204 |       0 |   0.0 |      13 |       0 |   0.0
            +---------+---------+-------+---------+---------+-------
